cohdb
Replays
Latest Replays
All Replays
Popular Replays
Top Player Replays
Match Explorer
How It Works
Community
CoH3 Stats
Reddit
Sign in to upload your games and track your stats! →
Sign in with Steam
Match 43005646
Unlisted
Match 43005646
Overview
Messages
Build Orders
End
Panzergrenadier Squad
Selects Panzerjäger Kommand Battlegroup
Selects Mine Fields
250 Light Carrier
Construct Light Support Kompanie
Panzergrenadier Squad
Selects GrB 39 Grenade Launcher Requisition
Fire Support Elements
Assault Grenadier Squad
250 Light Carrier
Combat Half-tracks
Panzerjäger Mechanized Group
Selects Defensive Positions
Flakvierling Half-track
Construct Mechanized Kompanie
NeverGoFullGizi
ManFrau
ВЕДАЮ РА
DerTontaiLama
開信刀
Chernoburka
0
0
Comments
sign in to comment!
No comments posted yet!